 Dungeon Crawl Stone Soup version 0.17-a0-1655-g88a8506 (webtiles) character file.

693 Neuromancien059 the Chopper (level 7, -12/53 HPs)
             Began as a Demonspawn Gladiator on Aug 15, 2015.
             Was a Follower of Makhleb.
             Mangled by an orc warrior
             ... wielding a +0 long sword
              (19 damage)
             ... on level 5 of the Dungeon.
             The game lasted 00:34:03 (3900 turns).

Neuromancien059 the Chopper (Demonspawn Gladiator)  Turns: 3900, Time: 00:34:03

Health: -12/53     AC: 10    Str: 17    XL:     7   Next: 37%
Magic:  7/7        EV: 11    Int:  9    God:    Makhleb [*.....]
Gold:   179        SH:  0    Dex: 14    Spells: 0 memorised, 6 levels left

rFire  . . .     SeeInvis .     B - +2 war axe (flame)
rCold  . . .     Clarity  .     v - +0 scale mail
rNeg   . . .     SustAt   +     (no shield)
rPois  .         Gourm    .     (helmet restricted)
rElec  .         Spirit   .     F - +0 cloak
rCorr  .         Warding  .     (no gloves)
rMut   .         Stasis   .     (no boots)
MR     .....                    (no amulet)
Stlth  ..........               q - ring of loudness (curse)
                                l - ring of sustain attributes

@: lethally poisoned (-12 -> -15), not resistant to hostile enchantments,
extremely unstealthy
A: horns 1, thin metallic scales 1, demonic guardian 1, spiny 1
a: Renounce Religion


You were on level 5 of the Dungeon.
You worshipped Makhleb.
Makhleb was aware of your devotion.
You were not hungry.

You visited 2 branches of the dungeon, and saw 6 of its levels.

You collected 179 gold pieces.

Inventory:

Hand weapons
 a - a +0 war axe
 t - a +0 great mace
 B - a +2 war axe of flaming (weapon)
Missiles
 d - 3 throwing nets (quivered)
Armour
 b - a +0 leather armour
 c - a +0 helmet
 e - a +0 ring mail
 f - a +0 chain mail
 g - a +2 helmet of see invisible
 v - a +0 scale mail (worn)
 F - a +0 cloak (worn)
Jewellery
 l - a ring of sustain attributes (left hand)
 q - a cursed ring of loudness (right hand)
Magical devices
 y - a wand of slowing (27)
Scrolls
 h - 2 scrolls of immolation {unknown}
 i - a scroll of recharging {unknown}
 k - a scroll of fear {unknown}
 m - a scroll of teleportation {unknown}
 o - 6 scrolls of identify {unknown}
 u - 5 scrolls of remove curse {unknown}
 C - a scroll of enchant weapon {unknown}
 E - a scroll of amnesia {unknown}
Potions
 j - 2 potions of heal wounds {unknown}
 n - a potion of mutation {unknown}
 p - 4 potions of curing {unknown}
 w - 3 potions of might {unknown}
 A - a potion of haste {unknown}
Comestibles
 r - a royal jelly
 s - 2 meat rations
 x - a bread ration
 z - a chunk of flesh


   Skills:
 + Level 3.9 Fighting
 + Level 4.2(4.6) Axes
 + Level 2.5(3.7) Maces & Flails
 + Level 2.1 Throwing
 + Level 3.2 Armour
 + Level 4.1 Dodging
 + Level 0.8 Stealth


You had 6 spell levels left.
You didn't know any spells.

Dungeon Overview and Level Annotations

Branches:
Dungeon (5/15)             Temple (1/1) D:4

Altars:
Ashenzari
Cheibriados
Dithmenos
Elyvilon
Fedhas
Makhleb
Qazlal
Yredelemnul
Zin
The Shining One

Shops:
D:4 =   D:5 !!%

Annotations:
D:5 Pikel


Innate Abilities, Weirdness & Mutations

You have a pair of small horns on your head.
You are partially covered in thin metallic scales (AC +2).
A weak demonic guardian rushes to your aid.
You are partially covered in sharp spines.


Message History

You hit the orc warrior but do no damage.
You headbutt the orc warrior, but do no damage.
You feel sick. The orc warrior barely misses you.
You slash the orc warrior! You burn the orc warrior.
The orc warrior is moderately wounded.
You feel sick.
The orc warrior hits you with a long sword!
* * * LOW HITPOINT WARNING * * *
Something hits you but does no damage.
You hit the orc warrior but do no damage.
The orc warrior is moderately wounded.
You barely miss something.
The orc warrior hits you with a long sword.
* * * LOW HITPOINT WARNING * * *
Something hits you but does no damage.
You slash the orc warrior! You burn the orc warrior.
The orc warrior is severely wounded.
You closely miss something.
You feel sick.
The orc warrior hits you with a long sword!!
You die...

## #≈≈≈# #.. .. ##≈≈≈## #.⌠ ..###
##≈≈≈# #.. ....#####≈≈≈# ### #.⌠
..#(....≈po###### #++#.# #..
..#.∩.#.K≈op)p5.### #....## #.^
.).[...p#######..)###.....#####..
..###############...............)
.. #...<...5@o..........####) ..
....############......## #)) #. #
#########....## #[# ##
............## ###.#
##########..# ##...# #### #..###
####### ##.## #.....# #..#
##.....## ##.##


You could see an orc warrior and a friendly ufetubus.

Vanquished Creatures
  2 slaves (D:5)
  2 ogres (D:4)
  An ice beast (D:5)
  A scorpion (D:4)
  2 orc wizards (D:5)
  An orc priest (D:5)
  A quasit (D:5)
  4 worker ants
  A hound skeleton (D:4)
  8 adders
  An ooze (D:4)
  2 worms (D:2)
  An adder skeleton (D:4)
  4 giant geckos
  11 orcs
  9 bats
  12 goblins
  8 hobgoblins
  5 kobolds
  4 quokkas
  3 ball pythons
  7 giant cockroaches
  3 giant newts
  8 jackals
  9 rats
110 creatures vanquished.

Vanquished Creatures (collateral kills)
  An orc (D:4)
1 creature vanquished.

Grand Total: 111 creatures vanquished

Notes
Turn   | Place    | Note
--------------------------------------------------------------
     0 | D:1      | Neuromancien059 the Demonspawn Gladiator began the quest for the Orb.
     0 | D:1      | Reached XP level 1. HP: 16/16 MP: 1/1
   218 | D:1      | Reached skill level 3 in Axes
   218 | D:1      | Gained mutation: You are partially covered in sharp spines. [demonic ancestry]
   218 | D:1      | Reached XP level 2. HP: 22/22 MP: 2/2
   966 | D:2      | Gained mutation: You are partially covered in thin metallic scales (AC +2). [demonic ancestry]
   966 | D:2      | Reached XP level 3. HP: 27/27 MP: 3/3
  1186 | D:2      | Found a stormy altar of Qazlal.
  1484 | D:2      | Reached XP level 4. HP: 31/34 MP: 4/4
  1499 | D:2      | Found a glowing golden altar of the Shining One.
  1917 | D:3      | Reached skill level 1 in Armour
  2174 | D:3      | Gained mutation: You have a pair of small horns on your head. [demonic ancestry]
  2174 | D:3      | Reached XP level 5. HP: 41/41 MP: 5/5
  2192 | D:3      | Found a shadowy altar of Dithmenos.
  2325 | D:3      | Found a snail-covered altar of Cheibriados.
  2663 | D:4      | Noticed an ogre
  2668 | D:4      | Killed an ogre
  2668 | D:4      | Reached skill level 1 in Maces & Flails
  2740 | D:4      | Found Naqeiriy's Jewellery Shoppe.
  2749 | D:4      | Found a staircase to the Ecumenical Temple.
  2772 | Temple   | Entered the Ecumenical Temple
  2832 | Temple   | Became a worshipper of Makhleb the Destroyer
  2948 | D:4      | Gained mutation: A weak demonic guardian rushes to your aid. [demonic ancestry]
  2948 | D:4      | Reached XP level 6. HP: 47/47 MP: 6/6
  2959 | D:4      | Noticed an ogre
  2964 | D:4      | Killed an ogre
  2964 | D:4      | Reached skill level 4 in Axes
  3356 | D:5      | Entered Level 5 of the Dungeon
  3357 | D:5      | Found Lyzualom's Distillery.
  3364 | D:5      | Reached XP level 7. HP: 47/53 MP: 7/7
  3381 | D:5      | Acquired Makhleb's first power
  3419 | D:5      | Found Qughynit's Food Boutique.
  3762 | D:5      | Found Xemimyeq's Distillery.
  3771 | D:5      | Noticed Pikel
  3900 | D:5      | Mangled by an orc warrior

Vault maps used:
D:1:      dpeg_arrival_simpleton_b
D:2:      nicolae_tso_carved_into_rock, lemuel_crystal_altar
D:3:      cheibriados_altar_wand_db, old_standard_altar, first_bread,
          gup_sewer_entry_bowl
D:4:      forest_paths, temple_statues, serial_shops, shop_fountains,
          kennysheep_small_circle
D:5:      nicolae_overflow_crystal_walls, grunt_temple_overflow_opulence,
          serial_shops, shop, nicolae_shop_stone, kennysheep_mini_moat,
          shop_fountains, kennysheep_opposing_triangles,
          uniq_crazy_yiuf_cottage, uniq_pikel
Temple:   circular_temple_6

Action                   |  1- 3 |  4- 6 |  7- 9 || total
-------------------------+-------+-------+-------++-------
Melee: War axe           |    39 |    25 |    34 ||    98
       Great mace        |    16 |    46 |       ||    62
  Eat: Chunk             |     2 |     1 |     1 ||     4
       Bread ration      |       |     1 |       ||     1
       Meat ration       |       |       |     1 ||     1
